 Dungeon Crawl Stone Soup version 0.32-a0-558-g233958a4c4 (webtiles) character file.

Game seed: 7536469028463059868

153 protoss039 the Digger (level 5, 38/38 HPs)
             Began as a Demonspawn Earth Elementalist on Mar 1, 2024.
             Got out of the dungeon alive.
             The game lasted 00:05:43 (2785 turns).

protoss039 the Digger (DsEE)                        Turns: 2785, Time: 00:05:44

Health: 38/38      AC:  6    Str:  9    XL:     5   Next: 12%
Magic:  9/9        EV: 12    Int: 17    God:
Gold:   176        SH:  0    Dex: 13    Spells: 2/9 levels left

rFire   . . .        j - +0 dagger
rCold   . . .        (no shield)
rNeg    . . .        n - +2 animal skin
rPois   .            o - +1 helmet
rElec   .            p - scarf {shadows}
rCorr   .            (no gloves)
SInv    .            (no boots)
Will    .....        (no amulet)
Stlth   ++           (no ring)
HPRegen 0.26/turn    (no ring)
MPRegen 0.11/turn

%: no passive effects
@: no status effects
A: powered by pain 1, demonic magic 1
a: no special abilities


You escaped.
You visited 1 branch of the dungeon, and saw 4 of its levels.

You collected 176 gold pieces.

Inventory:

Hand Weapons
 j - a +0 dagger (weapon)
 r - a +2 whip of electrocution
Armour
 l - a +0 troll leather armour
 n - a +2 animal skin (worn)
 o - a +1 helmet (worn)
 p - a scarf of shadows (worn)
Wands
 m - a wand of flame (21)
Scrolls
 a - a scroll of noise {unknown}
 c - a scroll of teleportation {unknown}
 d - a scroll of fear {unknown}
 e - 2 scrolls of identify {unknown}
 g - 3 scrolls of poison {unknown}
 s - a scroll of enchant armour {unknown}
 t - a scroll of enchant weapon {unknown}
Potions
 b - a potion of magic
 f - 3 potions of degeneration {unknown}
 h - 4 potions of berserk rage {unknown}
 i - 8 potions of curing {unknown}
 k - a potion of attraction {unknown}
 q - a potion of mutation {unknown}
 u - a potion of heal wounds {unknown}


   Skills:
 + Level 2.1 Fighting
 + Level 0.8 Armour
 - Level 1.7 Dodging
 - Level 3.0 Stealth
 + Level 2.8 Spellcasting
 - Level 1.0 Conjurations
 + Level 3.4 Earth Magic


You had 2 spell levels left.
You knew the following spells:

 Your Spells              Type           Power      Damage    Failure   Level
a - Sandblast             Erth           28%        2d8       4%          1
b - Passwall              Erth           14%        N/A       13%         3
c - Stone Arrow           Conj/Erth      20%        3d8       22%         3

Your spell library contained the following spells:

 Spells                   Type           Power      Damage    Failure   Level
 Inner Flame              Hex/Fire       2%         N/A       47%         3
 Brom's Barrelling Bould  Conj/Erth      10%        2d3       56%         4
 Petrify                  Alch/Erth      8%         N/A       65%         4
 Flame Wave               Conj/Fire      4%         2d5       82%         4
 Sticky Flame             Fire/Alch      2%         2d4       87%         4


Dungeon Overview and Level Annotations

Branches:
Dungeon (4/15) Zot: 21180
 Temple: D:4-7

Altars:
Cheibriados

Shops:
D:1 [


Innate Abilities, Weirdness & Mutations

You sometimes gain a little power by taking damage.
Spells you cast may paralyse adjacent enemies.


Message History

Your +2 whip of electrocution stops crackling.
j - a +0 dagger (weapon)
The sleepcap is no longer paralysed.
The sleepcap barely misses you.
Unknown command.
Casting: Sandblast (safe; 4% risk of failure)
Confirm with . or Enter, or press ? or * to list all spells.
Aiming: Sandblast (safe; 4% risk of failure)
Press: ? - help, Shift-Dir - straight line, f/p - sleepcap
Aim: a sleepcap (moderately damaged, 100% to hit)
The blast of sand hits the sleepcap!
The sleepcap is severely damaged.
Malevolent energies surge around you.
The sleepcap suddenly stops moving!
Unknown command.
The helpless sleepcap fails to defend itself.
You hit the sleepcap.
The sleepcap is severely damaged.
Unknown command.
The helpless sleepcap fails to defend itself.
You puncture the sleepcap!
You destroy the sleepcap!
You have reached level 5!
Your demonic ancestry asserts itself...
You feel energised by your suffering.
Things that are here:
a +0 club; 3 poisoned darts You see here a +0 robe.
A dart slug and a quokka come into view.
You see here a +0 robe.
There is a stone staircase leading up here.
You climb upwards.
There is a stone staircase leading down here.
There is a stone staircase leading up here.
Magic restored.
You climb upwards.
There is a stone staircase leading down here.
There is a stone staircase leading up here.
You climb upwards.
There is a stone staircase leading down here.
There is a staircase leading out of the dungeon here.
You have escaped!

...............P.P..#.# #.#
............#.P#~#P.#.# #.#
.##...........##~##.#.########.#
.##...........~~~~~.#.......##.#
.##.........#.##~##.#.#####.##.#
............#.P#~#P...# #†##.#
............#..P.P..### #.##.#
....................# #.##.#
................@...# #.#..#
....).......#.......# #.#.##
............#..P.P..# #.#.#
............#.P#~#P.# #####.#.#
...####.....#.##~##.# #.....#.#
...## #.....#.~~~~~.###.#####.#
....####....#.##~##..##.#...#.#
....##......#.P#~#P.....#.###.#
.....#......#..P.P..###.#.....#


There were no monsters in sight!

Vanquished Creatures
  A sleepcap (D:4)
  Robin (D:3)
  3 adders
  An adder zombie (D:2)
  A dart slug (D:1)
  2 ribbon worms (D:2)
  4 orcs (D:3)
  2 endoplasms (D:1)
  A giant cockroach (D:2)
  17 goblins
  6 hobgoblins
  4 jackals (D:2)
  3 quokkas
  7 ball pythons
  A ball python skeleton (D:2)
  6 bats
  A frilled lizard (D:2)
  5 kobolds
  3 rats
69 creatures vanquished.

Notes
Turn   | Place    | Note
-------+----------+-------------------------------------------
     0 | D:1      | protoss039 the Demonspawn Earth Elementalist began the
                  | quest for the Orb.
     0 | D:1      | Reached XP level 1. HP: 13/13 MP: 3/3
    14 | D:1      | Found Foajonul's Armour Boutique.
   355 | D:1      | Gained mutation: Spells you cast may paralyse adjacent
                  | enemies. [demonic ancestry]
   355 | D:1      | Reached XP level 2. HP: 20/20 MP: 0/5
   445 | D:1      | Reached skill level 1 in Fighting
  1034 | D:2      | Reached XP level 3. HP: 25/26 MP: 4/6
  1523 | D:2      | Learned a level 3 spell: Passwall
  1527 | D:2      | Learned a level 3 spell: Stone Arrow
  1586 | D:3      | Reached XP level 4. HP: 32/32 MP: 4/7
  1621 | D:3      | Noticed Robin
  1630 | D:3      | Killed Robin
  1801 | D:3      | Found a snail-covered altar of Cheibriados.
  2735 | D:4      | Gained mutation: You sometimes gain a little power by
                  | taking damage. [demonic ancestry]
  2735 | D:4      | Reached XP level 5. HP: 38/38 MP: 6/9
  2785 | D:$      | Got out of the dungeon alive.

Illustrated notes

Levels and vault maps discovered:
D:1:      eino_arrival_water_cross, layout_basic, serial_shops, shop,
          serial_glass, glass_columns_a, glass_columns_a
D:2:      layout_basic, serial_undead, serial_undead_e, serial_undead_d,
          serial_undead_b, serial_undead_f, amethyst_killhole, minmay_unequal
D:3:      layout_basic, cheibriados_altar_1, minmay_surrounded, uniq_robin
D:4:      layout_rooms, chequers_temple_overflow_minitemple,
          mainiacjoe_ossuary_entry_find_the_door

Skill      XL: |  1  2  3  4 |
---------------+-------------+-----
Fighting       | 1 2 |  2.1
Earth Magic    | 3 |  3.4
Stealth        | 2 3 |  3.0
Armour         | |  0.8
Dodging        | |  1.7
Spellcasting   | |  2.8
Conjurations   | |  1.0

Action                     |  1- 3 |  4- 6 || total
---------------------------+-------+-------++-------
  Melee: Short sword       |    13 |       ||    13
         Dagger            |    25 |    35 ||    60
         Whip              |       |    12 ||    12
   Cast: Sandblast         |    43 |    27 ||    70
         Passwall          |       |     2 ||     2
   Stab: Paralysed         |    10 |     8 ||    18
         Sleeping          |     3 |     4 ||     7
 Armour: Robe              |    15 |       ||    15
         Troll leather arm |    16 |    14 ||    30
         Animal skin       |       |    39 ||    39
  Dodge: Dodged            |    40 |    32 ||    72

Table legend: (Time is in decaauts)
 A = Elapsed time spent in this place.
 B = Non-inter-level travel time spent in this place.
 C = Inter-level travel time spent in this place.
 D = Time resting spent in this place.
 E = Time spent auto-exploring this place.
 F = Levels seen in this place.
 G = Mean time per level.
                   A        B        C        D        E       F      G
               +--------+--------+--------+--------+--------+-----+--------+
         Total |   2819 |   2659 |    160 |    202 |   1964 |   4 |  704.8 |
       Dungeon |   2819 |   2659 |    160 |    202 |   1964 |   4 |  704.8 |
               +--------+--------+--------+--------+--------+-----+--------+

Top non-repeatable levels by time:
     D:3: 1219 daAuts
     D:2: 899 daAuts
     D:1: 679 daAuts
     D:4: 21 daAuts
